Unix NetHack Version 3.7.0-102 Work-in-progress - last build Apr 6 2024 13:22:21 (d302a6a9ff6341f1a922d8f5af178406b35fdf99,branch:master). Game began 2024-04-18 15:37:58, ended 2024-04-18 15:57:22. laycre, chaotic male orcish Wizard -----.------- |C....Z....C| |....@C.....| |.. ----- | | Laycre the Conjurer St:10 Dx:13 Co:16 In:16 Wi:10 Ch:13 Chaotic Dlvl:8 $:128 HP:0(35) Pw:16(29) AC:6 Xp:5/312 T:2648 Burdened Latest messages: What do you want to read? [i-mpuvACKLP or ?*] P This spellbook is difficult to comprehend. Continue? [yn] (n) n You see here a statue of a yellow light. You fall down the stairs. Something is written here in the dust. You read: "?? aera?i m". You are in full health. You find a hidden door. The door opens. You find a hidden passage. You stop searching. You miss the dust vortex. The dust vortex engulfs you! You can't see in here! You get expelled! It hits! It hits! It engulfs you! You hit the dust vortex. You hit the dust vortex. You destroy the dust vortex! You can see again. You find a teleportation trap. Something is written here in the dust. You read: "? ??? ?". What do you want to call this dungeon level? vault You see here a chain mail. In what direction? k The spell hits the giant zombie! The giant zombie hits! The giant zombie hits again! In what direction? k The spell hits the giant zombie! You destroy the giant zombie! You see here a giant corpse. You hit maneatingcow! Maneatingcow wakes up! Maneatingcow groans! Maneatingcow hits! In what direction? l The spell hits maneatingcow! The spell hits it. Maneatingcow hits! What do you want to zap? [cD or ?*] D In what direction? > You dig a hole through the ground. You fall through... You die... Do you want your possessions identified? [ynq] (y) y Do you want to see your attributes? [ynq] (y) q Inventory: Coins ('$') $ - 128 gold pieces Amulets ('"') s - an uncursed amulet versus poison Weapons (')') a - a blessed +1 quarterstaff (weapon in hands) Armor ('[') b - an uncursed +0 cloak of magic resistance (being worn) G - an uncursed +0 mummy wrapping F - an uncursed +0 studded leather armor (being worn) Comestibles ('%') r - 2 uncursed food rations z - an uncursed tripe ration Scrolls ('?') K - an uncursed scroll of create monster L - a blessed scroll of identify j - an uncursed scroll of magic mapping k - an uncursed scroll of punishment i - an uncursed scroll of remove curse A - a blessed scroll of teleportation v - an uncursed scroll of teleportation Spellbooks ('+') m - an uncursed spellbook of clairvoyance u - a cursed spellbook of create monster l - a blessed spellbook of force bolt C - an uncursed spellbook of healing P - an uncursed spellbook of magic missile p - an uncursed spellbook of wizard lock Potions ('!') q - a blessed potion of healing h - an uncursed potion of invisibility f - an uncursed potion of levitation x - a blessed potion of object detection g - an uncursed potion of water Rings ('=') e - an uncursed ring of fire resistance (on left hand) d - an uncursed ring of shock resistance (on right hand) Wands ('/') D - an uncursed wand of digging (0:6) c - an uncursed wand of striking (0:8) Tools ('(') n - an uncursed magic marker (0:11) y - a cursed tinning kit (0:45) Gems/Stones ('*') H - an uncursed worthless piece of yellow glass Laycre the Wizard's attributes: Background: You were a Conjurer, a level 5 male orcish Wizard. You were chaotic, on a mission for Anhur who was opposed by Ptah (lawful) and Thoth (neutral). You were right-handed. You were in the Dungeons of Doom, on level 8. You entered the dungeon 2648 turns ago. You had 312 experience points, 8 more were needed to attain level 6. Basics: You had 0 out of 35 hit points. You had 16 out of 29 energy points (spell power). Your armor class was 6. Your wallet contained 128 zorkmids. Autopickup was on for '$=/!?"' plus thrown, with exceptions. Final Characteristics: Your strength was 10 (limit:18/50). Your dexterity was 13 (limit:18). Your constitution was 16 (limit:18). Your intelligence was 16 (limit:16). Your wisdom was 10 (limit:16). Your charisma was 13 (limit:16). Final Status: You weren't hungry. You were burdened; movement was slightly slowed. You were wielding a quarterstaff. You had basic skill with quarterstaff. Final Attributes: You were piously aligned. You were magic-protected. You were fire resistant. Your items were protected from fire. You were shock resistant. Your items were protected from electric shocks. You were poison resistant. You had infravision. You were warded. You are dead. Miscellaneous: You encountered 1 bones level. Total elapsed playing time was 19 minutes and 23 seconds. Major events: Turn 1: laycre the chaotic male orcish Wizard entered the dungeon 311: attained the rank of Conjurer (level 3) 690: entered the Gnomish Mines 2648: killed by falling down a mine shaft Vanquished creatures: a giant zombie a small mimic a dust vortex a pony a shrieker a kobold mummy a gray ooze a straw golem a kitten a homunculus a giant bat 7 orc zombies 2 dwarf zombies an iguana 8 manes a large kobold 3 cave spiders 2 gnome zombies 5 geckos a jackal 3 foxes 2 kobolds 2 goblins 2 sewer rats a grid bug 3 lichens 5 kobold zombies 4 newts 63 creatures vanquished. No species were genocided or became extinct. Voluntary challenges: You read items or engraved 10 times. You engraved Elbereth 1 time. You never genocided any monsters. You never polymorphed an object. You never changed form. You used no wishes. Achievements: You attained the rank of Conjurer. You entered a shop. You entered the Gnomish Mines. The Dungeons of Doom: levels 1 to 8 Level 1: A fountain. Level 2: A fountain. Stairs down to The Gnomish Mines. Level 3: Many fountains. Level 4: A general store, a fountain, a grave. Level 5: Level 6: "vault" A fountain. Level 7: "vault" Final resting place for maneatingcow-Wiz-Hum-Fem-Neu, killed by a giant zombie. Level 8: <- You were here. Final resting place for you, killed by falling down a mine shaft. The Gnomish Mines: Level 3: Game over: ---------- / \ / REST \ / IN \ / PEACE \ / \ | laycre | | 128 Au | | killed by | | falling down a | | mine shaft | | | | 2024 | *| * * * | * _________)/\\_//(\/(/\)/\//\/|_)_______ Goodbye laycre the Wizard... You died in The Dungeons of Doom on dungeon level 8 with 1724 points, and 128 pieces of gold, after 2648 moves. You were level 5 with a maximum of 35 hit points when you died.